AoeStats
← 冰烧雪苏打

Fortress

509867397Analyzed
4v4 RM · 5d ago on Sep 28, 2026· 23m 8s· 8 players
Game mode
Random Map
Map size
Huge
Population
200
Speed
Normal
Resources
Standard
Victory
Conquest
Starting age
Dark Age
Ending age
Imperial Age
RankedLock teamsTeams togetherTeam positionsShared explorationLock speedFull tech treeHidden civsTurbo modeCheats
Victory
Defeat
🇭🇰 Saracens · Hong Kong SAR China
1565
+13
🇨🇳 Bengalis · China
1544
+14
🇭🇰 Poles · Hong Kong SAR China
1386
+22
🇨🇳 Danes · China
1364
+21
🇨🇳 Lithuanians · China
1536
-19
🇨🇳 Turks · China
1514
-18
🇨🇴 Khmer · Colombia
1473
-17
🇨🇭 Mongols · Switzerland
1472
-16
lorddoc
6:48 Feudal Age
5:33 Loom
8:04 Horse Collar
10:49 Castle Age
9:19 Double-Bit Axe
14:33 Town Watch
15:36 Fletching
17:38 Padded Archer Armor
18:21 Bodkin Arrow
19:59 Leather Archer Armor
只会种田
7:13 Feudal Age
10:49 Castle Age
9:01 Double-Bit Axe
9:17 Horse Collar
12:28 Bow Saw
17:25 Wheelbarrow
19:05 Heavy Plow
20:35 Loom
24:37 Imperial Age
22:30 Hand Cart
22:23 Gold Mining
le Julianchy
6:56 Feudal Age
10:32 Castle Age
8:26 Double-Bit Axe
8:51 Horse Collar
12:09 Bow Saw
13:07 Heavy Plow
16:31 Wheelbarrow
18:38 Wheelbarrow
20:32 Hand Cart
20:27 Loom
21:11 Gold Mining
21:12 Stone Mining
22:38 Gold Shaft Mining
22:39 Stone Shaft Mining
22:48 Town Watch
word.exe
9:05 Feudal Age
12:55 Castle Age
12:20 Horse Collar
17:05 Imperial Age
19:20 Gold Mining
冰烧雪苏打
8:46 Feudal Age
10:01 Double-Bit Axe
9:57 Horse Collar
13:30 Castle Age
13:21 Scale Mail Armor
13:23 Arson
15:02 Bow Saw
19:48 Loom
22:55 Chain Mail Armor
22:46 Fletching
纪忆
7:46 Feudal Age
11:31 Castle Age
10:00 Double-Bit Axe
10:16 Horse Collar
13:17 Bow Saw
15:40 Loom
17:44 Fletching
18:03 Padded Archer Armor
18:39 Bodkin Arrow
20:08 Leather Archer Armor
20:46 Bloodlines
21:57 Ballistics
22:22 Husbandry
kenny yip
6:50 Feudal Age
10:41 Castle Age
8:54 Double-Bit Axe
9:04 Horse Collar
9:41 Gold Mining
12:20 Bow Saw
18:55 Wheelbarrow
20:38 Hand Cart
20:13 Loom
21:09 Heavy Plow
25:01 Imperial Age
22:39 Stone Mining
23:24 Gold Shaft Mining
23:22 Scale Barding Armor
23:27 Forging
猫粮都输光
7:59 Feudal Age
11:39 Castle Age
10:34 Double-Bit Axe
13:51 Bow Saw
19:44 Wheelbarrow
25:04 Imperial Age
23:00 Ballistics
22:34 Fletching
22:16 Crossbowman
23:24 Gold Mining
23:43 Thumb Ring
Connection lost

Rejoining the realm…

Still unreachable

The connection could not be restored.

Session expired

The server has moved on; the page needs a fresh start.